 Dungeon Crawl Stone Soup version 0.27-a0-1189-gb8eb6ce (webtiles) character file.

Game seed: 14516042877614154718

8143 bananamous the Cleaver (level 11, -2/83 HPs)
             Began as a Palentonga Fighter on May 22, 2021.
             Was a Priest of Makhleb.
             Slain by a meliai
             ... wielding a +0 hand axe
              (6 damage)
             ... on level 10 of the Dungeon.
             The game lasted 00:52:18 (11085 turns).

bananamous the Cleaver (Palentonga Fighter)        Turns: 11085, Time: 00:52:18

Health: -2/83      AC: 28    Str: 23    XL:     11   Next: 6%
Magic:  11/11      EV:  7    Int:  8    God:    Makhleb [***...]
Gold:   330        SH:  0    Dex: 10    Spells: 10/10 levels left

rFire    . . .     SeeInvis +   i - +2 broad axe (drain)
rCold    . . .     Faith    .   s - +2 kite shield {rN+}
rNeg     + + .     Spirit   .   c - +2 chain mail {rN+}
rPois    .         Reflect  .   e - +2 helmet
rElec    .         Harm     .   g - +0 cloak
rCorr    .         Rampage  .   q - +0 pair of gloves
Will     .....                  d - +1 barding {Stlth+}
Stlth    ..........             (no amulet)
HPRegen  0.23/turn              j - +4 ring of evasion
MPRegen  0.12/turn              (no ring)

@: confused, lethally poisoned (-2 -> -4), ambrosia-drunk, curled up
A: large, rugged brown scales 3, see invisible, deformed body, roll 1, armoured
tail, reflexive curl
a: Rolling Charge, Renounce Religion, Minor Destruction, Lesser Servant of
Makhleb


You were on level 10 of the Dungeon.
You worshipped Makhleb.
Makhleb was most pleased with you.
You visited 2 branches of the dungeon, and saw 11 of its levels.

You collected 674 gold pieces.
You spent 344 gold pieces at shops.

Inventory:

Hand Weapons
 i - a +2 broad axe of draining (weapon)
Missiles
 r - 3 curare-tipped darts
Armour
 c - a +2 chain mail of positive energy (worn)
 d - a +1 barding of stealth (worn)
 e - a +2 helmet (worn)
 f - a +0 chain mail
 g - a +0 cloak (worn)
 q - a +0 pair of gloves (worn)
 s - a +2 kite shield of positive energy (worn)
Jewellery
 j - a +4 ring of evasion (left hand)
 t - an amulet of faith
 C - a ring of protection from fire
 D - a ring of wizardry
Wands
 B - a wand of paralysis (8)
 G - a wand of acid (13)
 I - a wand of iceblast (4)
Scrolls
 a - 2 scrolls of fog
 o - a scroll of magic mapping
 u - a scroll of acquirement
 w - 2 scrolls of teleportation {unknown}
 x - a scroll of blinking {unknown}
 y - a scroll of holy word {unknown}
 z - 2 scrolls of brand weapon {unknown}
 E - 3 scrolls of identify
 F - 2 scrolls of enchant armour {unknown}
 H - a scroll of enchant weapon
Potions
 b - a potion of invisibility {unknown}
 h - 2 potions of lignification {unknown}
 l - 5 potions of haste
 m - a potion of flight {unknown}
 n - a potion of attraction {unknown}
 p - a potion of mutation {unknown}
 v - 2 potions of brilliance {unknown}
 A - a potion of ambrosia


   Skills:
 - Level 4.8 Fighting
 * Level 12.9 Axes
 - Level 4.2 Armour
 * Level 8.3 Shields
 + Level 1.0 Evocations


You had 10 spell levels left.
You didn't know any spells.
Your spell library contained the following spells:

 Spells                   Type           Power      Damage    Failure   Level
 Slow                     Hex            0%         N/A       99%         2


Dungeon Overview and Level Annotations

Branches:
Dungeon (10/15)            Temple (1/1) D:5            Lair (0/6) D:8
    Orc: D:9-12

Altars:
Ashenzari
Cheibriados
Dithmenos
Elyvilon
Fedhas
Gozag
Hepliaklqana
Kikubaaqudgha
Makhleb
Nemelex Xobeh
Okawaru
Qazlal
Ru
Sif Muna
Trog
Uskayaw
Vehumet
Wu Jian
Xom
Yredelemnul
Zin
The Shining One

Shops:
D:5 [


Innate Abilities, Weirdness & Mutations

You are completely covered in rugged brown scales. (AC +3, +7% HP)
You have supernaturally acute eyesight. (SInv)
Armour fits poorly on your strangely shaped body.
You can roll at nearby foes to attack.
You have a long armoured tail.
You curl defensively after being hit.


Message History

The meliai hits your neqoxec with a +0 hand axe!
The meliai barely misses your neqoxec.
The meliai hits your neqoxec with a +0 hand axe.
Your neqoxec dies!
You feel very sick.
Okay, then.
Okay, then.
Okay, then.
You slash the meliai!
Your tail-slap misses the meliai.
The meliai is heavily wounded.
You feel sick. The meliai hits you but does no damage. The meliai stings you.
The meliai hits you with a +0 hand axe!
* * * LOW HITPOINT WARNING * * *
You block the meliai's attack.
You closely miss the meliai.
The meliai is heavily wounded.
You feel sick. The meliai hits you with a +0 hand axe!
* * * LOW HITPOINT WARNING * * *
You block the meliai's attack.
The meliai calls upon its god to heal the meliai.
The meliai is healed somewhat.
You block the meliai's attack. x2
You feel much better.
You feel sick.
The meliai calls down the wrath of its god upon you.
Something smites you!
* * * LOW HITPOINT WARNING * * *
The meliai calls down the wrath of its god upon you.
Something smites you!
* * * LOW HITPOINT WARNING * * *
The meliai hits you but does no damage. You block the meliai's attack.
You are confused.
You feel invigorated.
You feel sick.
The meliai calls upon its god to heal the meliai.
The meliai is healed somewhat.
The meliai hits you with a +0 hand axe.
* * * LOW HITPOINT WARNING * * *
The meliai stings you but does no damage.
The meliai calls upon its god to heal the meliai.
The meliai's wounds heal themselves!
The meliai hits you with a +0 hand axe.
* * * LOW HITPOINT WARNING * * *
The meliai stings you.
You die...

....... .......
....... ....o..
.......########
.....o.o.yy§§§#
###.#######y### .#
#.# #y# .# #.# #@####
.# #.#######.§..#
.#######.#..........#
...........###.###..#
....#####..# #.# #..#
....# #..###'###..#
....# ##...'_###..#
....# ##.###'###..#
....#####..# #.# #.##


You could see 2 meliai.

Vanquished Creatures
  Pikel (D:6)
  A centaur zombie (D:6)
  2 komodo dragons
  A troll (D:7)
  A hornet (D:7)
  A wraith (D:9)
  7 yaks
  A steam dragon (D:9)
  Edmund (D:5)
  7 water moccasins
  3 orc warriors
  3 ice beasts
  A hornet zombie (D:8)
  An ogre (D:5)
  2 necrophages
  A sky beast (D:7)
  6 black bears
  2 centaurs (D:9)
  4 kobold brigands
  4 bullfrogs
  A scorpion (D:8)
  2 wyvern skeletons
  A water moccasin skeleton (D:4)
  7 killer bees
  A wight (D:7)
  2 electric eels (D:6)
  3 howler monkeys
  A bullfrog zombie (D:5)
  A jelly (D:7)
  2 orc priests
  3 hounds
  A centaur skeleton (D:7)
  Ijyb (D:5)
  4 iguanas
  11 orc wizards
  3 killer bee zombies
  Robin (D:3)
  4 gnolls (D:4)
  3 adders
  A white imp (D:4)
  An ufetubus (D:5)
  A dart slug (D:4)
  25 orcs
  7 bats
  10 endoplasms
  3 giant cockroaches
  10 goblins
  13 hobgoblins
  11 jackals
  16 kobolds
  2 quokkas
  10 ball pythons
  6 frilled lizards
  A quokka skeleton (D:4)
  6 rats
225 creatures vanquished.

Vanquished Creatures (collateral kills)
  A two-headed ogre (D:9)
  An orc warrior (D:9)
  2 centaurs (D:9)
  An orc wizard (D:9)
  An orc (D:9)
6 creatures vanquished.

Vanquished Creatures (others)
  An orc wizard (D:9)
  45 fungi (D:8)
  53 plants
99 creatures vanquished.

Grand Total: 330 creatures vanquished

Notes
Turn   | Place    | Note
-------+----------+-------------------------------------------
     0 | D:1      | bananamous the Palentonga Fighter began the quest for the
                  | Orb.
     0 | D:1      | Reached XP level 1. HP: 19/19 MP: 1/1
    54 | D:1      | Reached XP level 2. HP: 23/25 MP: 2/2
   573 | D:1      | Reached XP level 3. HP: 31/31 MP: 3/3
  1145 | D:1      | Identified a scroll of acquirement
  1150 | D:1      | Acquired a +1 broad axe of draining
  1512 | D:2      | Found a faded altar of an unknown god.
  1527 | D:2      | Reached skill level 3 in Axes
  2052 | D:3      | Reached XP level 4. HP: 30/37 MP: 4/4
  2332 | D:3      | Found a broken altar of Ashenzari.
  2358 | D:3      | Noticed Robin
  2379 | D:3      | Killed Robin
  2670 | D:3      | Reached XP level 5. HP: 36/43 MP: 5/5
  3151 | D:4      | Found a glowing golden altar of the Shining One.
  3151 | D:4      | Found an ancient bone altar of Kikubaaqudgha.
  3151 | D:4      | Noticed a necrophage
  3210 | D:4      | Reached skill level 4 in Axes
  3336 | D:4      | Killed a necrophage
  3337 | D:4      | Reached XP level 6. HP: 41/50 MP: 6/6
  3654 | D:4      | Reached skill level 5 in Axes
  4704 | D:5      | Entered Level 5 of the Dungeon
  4759 | D:5      | Gained mutation: You curl defensively after being hit.
                  | [Palentonga growth]
  4759 | D:5      | Reached XP level 7. HP: 41/56 MP: 7/7
  4955 | D:5      | Found a staircase to the Ecumenical Temple.
  4967 | D:5      | Found Paghueg's Antique Armour Emporium.
  4970 | D:5      | Bought a glowing kite shield for 172 gold pieces
  5041 | Temple   | Entered the Ecumenical Temple
  5317 | Temple   | Became a worshipper of Makhleb the Destroyer
  5419 | D:5      | Reached skill level 6 in Axes
  5420 | D:5      | Found a bloodstained altar of Trog.
  5439 | D:5      | Found a shimmering blue altar of Sif Muna.
  5442 | D:5      | Identified Sif Muna's Incunabulum of Hexes
  5482 | D:5      | Noticed Ijyb
  5490 | D:5      | Killed Ijyb
  5523 | D:5      | Noticed Edmund
  5530 | D:5      | Killed Edmund
  5718 | D:5      | Reached XP level 8. HP: 59/64 MP: 8/8
  5800 | D:5      | Found an ornate altar of the Wu Jian Council.
  6041 | D:6      | Reached skill level 7 in Axes
  6105 | D:6      | Reached skill level 8 in Axes
  6105 | D:6      | Reached skill level 5 in Shields
  6284 | D:6      | Found a white marble altar of Elyvilon.
  7189 | D:6      | Found a sacrificial altar of Ru.
  7194 | D:6      | Noticed Pikel
  7204 | D:6      | Killed Pikel
  7205 | D:6      | Reached skill level 9 in Axes
  7205 | D:6      | Reached XP level 9. HP: 58/70 MP: 9/9
  7677 | D:7      | Acquired a +1 barding of stealth
  7762 | D:7      | Noticed a troll
  7769 | D:7      | Killed a troll
  7770 | D:7      | Reached skill level 10 in Axes
  7776 | D:7      | Reached * piety under Makhleb
  7880 | D:5      | Bought a shiny chain mail for 172 gold pieces
  8269 | D:7      | Found a stormy altar of Qazlal.
  8871 | D:8      | Paralysed by a hornet for 2 turns
  8890 | D:8      | Reached skill level 11 in Axes
  8890 | D:8      | Reached XP level 10. HP: 46/78 MP: 10/10
  9129 | D:7      | Reached ** piety under Makhleb
  9130 | D:7      | Reached skill level 1 in Evocations
  9607 | D:8      | Paralysed by an orc for 7 turns
  9714 | D:8      | Found a staircase to the Lair.
  9870 | D:8      | Reached skill level 12 in Axes
  9950 | D:8      | Found a radiant altar of Vehumet.
 10593 | D:9      | Noticed a two-headed ogre
 10601 | D:9      | Killed a two-headed ogre
 10615 | D:9      | Reached XP level 11. HP: 51/83 MP: 11/11
 10834 | D:9      | Found a shadowy altar of Dithmenos.
 10921 | D:10     | Entered Level 10 of the Dungeon
 10924 | D:10     | Reached *** piety under Makhleb
 11041 | D:10     | Found a blossoming altar of Fedhas.
 11085 | D:10     | HP: 4/83 [meliai/+0 hand axe (5)]
 11085 | D:10     | Slain by a meliai

Illustrated notes

Levels and vault maps discovered:
D:1:      wander_arrival_desolate, layout_basic, serial_forest,
          infiniplex_forest_clump_cross, infiniplex_forest_end_2,
          infiniplex_forest_lined_room_2, infiniplex_forest_end_2,
          infiniplex_forest_clump_diagonal, infiniplex_forest_clump_long
D:2:      layout_basic, basic_ecumenical_altar, chequers_serial_rivers_room_a,
          kennysheep_decorative_pillar, minmay_misc_feat_nine_boxes
D:3:      layout_loops_ring, lemuel_coloured_pillars_altar, uniq_robin
D:4:      layout_basic, jmf_multi_god_temple, amethyst_killhole,
          eino_small_chamber_without_monster
D:5:      layout_loops_cross, nzn_overflow_gifts_of_might_and_magic,
          nzn_wu_jian_council_hall, minmay_temple_entry_glass, serial_shops,
          kennysheep_mini, uniq_ijyb, uniq_edmund
D:6:      layout_gridville, overflow_temple_1_default, general_overflow_altar,
          serial_bayou, serial_bayou_pond_a, serial_bayou_pond_e,
          serial_bayou_shore_a, serial_bayou_pond_c, uniq_pikel
D:7:      cheibrodos_two_vegetables, layout_rooms, grunt_qazlal_sundering,
          kennysheep_potato
D:8:      layout_rooms, fiery_altar_vehumet, due_lair_maze_entry_diamond,
          serial_curves, eino_curves_01, eino_curves_03
D:9:      layout_basic, nicolae_dithmenos_the_darkroom
D:10:     gammafunk_corrupted_shrine, layout_small_grid, lemuel_doored_altar,
          orc_0_dummy
Temple:   jpeg_temple_alley_garden

Skill      XL: |  1  2  3  4  5  6  7  8  9 10 |
---------------+-------------------------------+-----
Axes           | 3 4 5 6 9 11 12 | 12.9
Shields        | 3 4 5 6 8 |  8.3
Armour         | 3 4 |  4.2
Fighting       | 4 |  4.8
Evocations     | 1 |  1.0

Action                   |  1- 3 |  4- 6 |  7- 9 | 10-12 || total
-------------------------+-------+-------+-------+-------++-------
Melee: War axe           |    63 |       |       |       ||    63
       Tailslap          |     9 |    15 |    38 |    28 ||    90
       Broad axe         |    52 |   149 |   195 |   196 ||   592
Throw: Dart              |       |       |     1 |       ||     1
Invok: Lesser Servant of |       |       |       |     1 ||     1
 Abil: Rolling Charge    |     2 |     6 |    19 |     5 ||    32
Evoke: Wand              |       |       |    10 |       ||    10
  Use: Scroll            |     2 |     2 |     5 |     2 ||    11
       Potion            |       |     3 |     1 |     6 ||    10
Armor: Scale mail        |    80 |    39 |       |       ||   119
       Chain mail        |       |    21 |    97 |   130 ||   248
Dodge: Dodged            |    35 |    58 |    62 |    60 ||   215
Block: Kite shield       |    67 |    98 |   118 |   169 ||   452

Table legend: (Time is in decaauts)
 A = Elapsed time spent in this place.
 B = Non-inter-level travel time spent in this place.
 C = Inter-level travel time spent in this place.
 D = Time resting spent in this place.
 E = Time spent auto-exploring this place.
 F = Levels seen in this place.
 G = Mean time per level.
                   A        B        C        D        E       F      G
               +--------+--------+--------+--------+--------+-----+--------+
         Total |  11397 |  10304 |   1093 |   1200 |   7239 |  11 | 1036.1 |
       Dungeon |  11079 |  10099 |    980 |   1200 |   7037 |  10 | 1107.9 |
        Temple |    317 |    204 |    113 |      0 |    202 |   1 |  317.0 |
               +--------+--------+--------+--------+--------+-----+--------+

Top non-repeatable levels by time:
     D:7: 1809 daAuts
     D:4: 1685 daAuts
     D:6: 1590 daAuts
     D:1: 1238 daAuts
     D:3: 1137 daAuts
     D:5: 1075 daAuts
     D:9: 818 daAuts
     D:2: 795 daAuts
     D:8: 765 daAuts
  Temple: 317 daAuts
    D:10: 163 daAuts
